TEX
SPRINGFIELD CARDINALS @ ARKANSAS TRAVELERS
04/29/2099
 
TOP OF THE 1ST
Springfield Cardinals batting - Pitching for Arkansas Travelers : RHP Juan Sanchez
Pitching: RHP Juan Sanchez
Batting: RHB Michael Ray 0-0: Called Strike
0-1: Called Strike
0-2: Ball
1-2: Foul Ball, location: 7LSF
1-2: Foul Ball, location: 5SF
1-2: SINGLE (Line Drive, 56D, EV 96.9 MPH)
Batting: RHB Ray Scott 0-0: Ball
Michael Ray is caught stealing 2nd base 2-4
1-0: DOUBLE (Line Drive, 78XD, EV 110.6 MPH)
Batting: LHB Alex Carranza 0-0: Called Strike
0-1: Ball
1-1: Ball
2-1: Ball
3-1: Called Strike
3-2: Strikes out swinging
Batting: LHB Mike Bownds 0-0: Foul Ball, location: 2F
0-1: Fly out, F7 (Flyball, 78M, EV 93.1 MPH)
Top of the 1st over - 0 runs, 2 hits, 0 errors, 1 left on base; Springfield 0 - Arkansas 0
BOTTOM OF THE 1ST
Arkansas Travelers batting - Pitching for Springfield Cardinals : LHP Ivan Espinosa
Pitching: LHP Ivan Espinosa
Batting: LHB Matt Johansen 0-0: Called Strike
0-1: Ball
1-1: Fly out, F5 (Popup, 56S, EV 81.3 MPH)
Batting: SHB Jonathan Paszek 0-0: Ball
1-0: Ball
2-0: Foul Ball, location: 3F
2-1: Ball
3-1: Base on Balls
Batting: RHB Bob Poor 0-0: Called Strike
0-1: Swinging Strike
0-2: Ball
1-2: Strikes out swinging
Batting: RHB Jonathan Baynham 0-0: Called Strike
0-1: Fly out, F8 (Line Drive, 8RD, EV 99.4 MPH)
Bottom of the 1st over - 0 runs, 0 hits, 0 errors, 1 left on base; Springfield 0 - Arkansas 0
TOP OF THE 2ND
Springfield Cardinals batting - Pitching for Arkansas Travelers : RHP Juan Sanchez
Batting: RHB Pedro Colon 0-0: Called Strike
0-1: Fly out, F3 (Popup, 3S, EV 68.1 MPH)
Batting: RHB Juan Pineda 0-0: Foul Ball, location: 2F
0-1: Swinging Strike
0-2: Foul Ball, location: 9LDF
0-2: Ball
1-2: Ball
2-2: Foul Ball, location: 2F
2-2: Foul Ball, location: 9LDF
2-2: Ball
3-2: Ground out 4-3 (Groundball, 4S, EV 83.8 MPH)
Batting: RHB Pat Mancini 0-0: Ball
1-0: Swinging Strike
1-1: Foul Ball, location: 2F
1-2: Ball
2-2: Strikes out swinging
Top of the 2nd over - 0 runs, 0 hits, 0 errors, 0 left on base; Springfield 0 - Arkansas 0
BOTTOM OF THE 2ND
Arkansas Travelers batting - Pitching for Springfield Cardinals : LHP Ivan Espinosa
Batting: RHB Chris Phillips 0-0: Ball
1-0: Ball
2-0: Ball
3-0: Called Strike
3-1: Base on Balls
Batting: RHB Vince McKnight 0-0: Ball
1-0: Ball
2-0: Fielders Choice at 2nd, 5-4 (Groundball, 5, EV 83.1 MPH)
Batting: SHB Rich Orellana 0-0: Foul Ball, location: 9LMF
0-1: Foul Ball, location: 2F
0-2: Foul Ball, location: 7LMFF
0-2: Grounds into double play, 5-4-3 (Groundball, 56, EV 85.0 MPH)
Bottom of the 2nd over - 0 runs, 0 hits, 0 errors, 0 left on base; Springfield 0 - Arkansas 0
TOP OF THE 3RD
Springfield Cardinals batting - Pitching for Arkansas Travelers : RHP Juan Sanchez
Batting: RHB Sansan Loureiro 0-0: Ball
1-0: Ball
2-0: Foul Ball, location: 25FF
2-1: Foul Ball, location: 9LSF
2-2: Strikes out swinging
Batting: RHB Jeff Hamill 0-0: Ball
1-0: Fly out, F9 (Flyball, 89S, EV 78.1 MPH)
Batting: RHB Michael Ray 0-0: Ball
1-0: Foul Ball, location: 2F
1-1: Called Strike
1-2: Strikes out swinging
Top of the 3rd over - 0 runs, 0 hits, 0 errors, 0 left on base; Springfield 0 - Arkansas 0
BOTTOM OF THE 3RD
Arkansas Travelers batting - Pitching for Springfield Cardinals : LHP Ivan Espinosa
Batting: RHB Jason Glennon 0-0: Ball
1-0: Ground out 6-3 (Groundball, 6, EV 85.0 MPH)
Batting: RHB Cody Murray 0-0: Called Strike
0-1: Ball
1-1: Ball
2-1: Ball
3-1: Base on Balls
Batting: LHB Matt Johansen 0-0: Fly out, F9 (Flyball, 9, EV 91.9 MPH)
Batting: SHB Jonathan Paszek 0-0: Ball
1-0: Ball
2-0: Ball
3-0: Called Strike
3-1: Foul Ball, location: 2F
3-2: Base on Balls
Cody Murray to second
Batting: RHB Bob Poor 0-0: Ball
1-0: Foul Ball, location: 9LSF
1-1: Ball
2-1: Called Strike
2-2: Strikes out swinging
Bottom of the 3rd over - 0 runs, 0 hits, 0 errors, 2 left on base; Springfield 0 - Arkansas 0
TOP OF THE 4TH
Springfield Cardinals batting - Pitching for Arkansas Travelers : RHP Juan Sanchez
Batting: RHB Ray Scott 0-0: Called Strike
0-1: Foul Ball, location: 9LDF
0-2: Ball
1-2: Ground out 4-3 (Groundball, 4, EV 91.9 MPH)
Batting: LHB Alex Carranza 0-0: Foul Ball, location: 2F
0-1: DOUBLE (Line Drive, 78XD, EV 108.1 MPH)
Batting: LHB Mike Bownds 0-0: Ball
1-0: Called Strike
1-1: Called Strike
1-2: Strikes out swinging
Batting: RHB Pedro Colon 0-0: Ball
1-0: Ball
2-0: Ball
3-0: Base on Balls
Batting: RHB Juan Pineda 0-0: Called Strike
0-1: Foul Ball, location: 2F
0-2: Foul Ball, location: 7LDF
0-2: Ball
1-2: Foul Ball, location: 9LDF
1-2: Strikes out swinging
Top of the 4th over - 0 runs, 1 hit, 0 errors, 2 left on base; Springfield 0 - Arkansas 0
BOTTOM OF THE 4TH
Arkansas Travelers batting - Pitching for Springfield Cardinals : LHP Ivan Espinosa
Batting: RHB Jonathan Baynham 0-0: Called Strike
0-1: Fly out, F6 (Popup, 6D, EV 75.6 MPH)
Batting: RHB Chris Phillips 0-0: Called Strike
0-1: Swinging Strike
0-2: Ball
1-2: Ball
2-2: SINGLE (Line Drive, 9S, EV 110.6 MPH)
Batting: RHB Vince McKnight 0-0: Called Strike
0-1: Ball
1-1: Ball
2-1: Foul Ball, location: 2F
2-2: Strikes out swinging
Batting: SHB Rich Orellana 0-0: Ball
1-0: Called Strike
1-1: Foul Ball, location: 3F
1-2: Foul Ball, location: 2F
1-2: Foul Ball, location: 2F
1-2: Ball
2-2: Ball
3-2: Fly out, F6 (Popup, 6MS, EV 81.3 MPH)
Bottom of the 4th over - 0 runs, 1 hit, 0 errors, 1 left on base; Springfield 0 - Arkansas 0
TOP OF THE 5TH
Springfield Cardinals batting - Pitching for Arkansas Travelers : RHP Juan Sanchez
Batting: RHB Pat Mancini 0-0: Ball
1-0: Called Strike
1-1: Swinging Strike
1-2: Fly out, F8 (Flyball, 8LD, EV 98.1 MPH)
Batting: RHB Sansan Loureiro 0-0: Ball
1-0: Ball
2-0: Ball
3-0: Base on Balls
Batting: RHB Jeff Hamill 0-0: Called Strike
0-1: Called Strike
0-2: Ball
1-2: Strikes out swinging
Batting: RHB Michael Ray 0-0: Called Strike
0-1: Called Strike
Sansan Loureiro steals 2nd base
0-2: Ball
1-2: Fly out, F9 (Flyball, 9, EV 84.4 MPH)
Top of the 5th over - 0 runs, 0 hits, 0 errors, 1 left on base; Springfield 0 - Arkansas 0
BOTTOM OF THE 5TH
Arkansas Travelers batting - Pitching for Springfield Cardinals : LHP Ivan Espinosa
Batting: RHB Jason Glennon 0-0: Ball
1-0: Ground out 5-3 (Groundball, 5, EV 76.9 MPH)
Batting: RHB Cody Murray 0-0: Ground out 5-3 (Groundball, 56, EV 85.0 MPH)
Batting: LHB Matt Johansen 0-0: Called Strike
0-1: Fly out, F9 (Flyball, 9, EV 91.3 MPH)
Bottom of the 5th over - 0 runs, 0 hits, 0 errors, 0 left on base; Springfield 0 - Arkansas 0
TOP OF THE 6TH
Springfield Cardinals batting - Pitching for Arkansas Travelers : RHP Juan Sanchez
Batting: RHB Ray Scott 0-0: Called Strike
0-1: Ball
1-1: Called Strike
1-2: Strikes out looking
Batting: LHB Alex Carranza 0-0: Swinging Strike
0-1: Ball
1-1: Called Strike
1-2: Ball
2-2: Ground out 5-3 (Groundball, 56S, EV 83.8 MPH)
Batting: LHB Mike Bownds 0-0: Foul Ball, location: 2RF
0-1: Ball
1-1: Called Strike
1-2: SINGLE (Groundball, 6MD, EV 108.1 MPH)
Batting: RHB Pedro Colon 0-0: Foul Ball, location: 2F
0-1: Foul Ball, location: 2F
0-2: Strikes out looking
Top of the 6th over - 0 runs, 1 hit, 0 errors, 1 left on base; Springfield 0 - Arkansas 0
BOTTOM OF THE 6TH
Arkansas Travelers batting - Pitching for Springfield Cardinals : LHP Ivan Espinosa
Batting: SHB Jonathan Paszek 0-0: Fly out, F7 (Line Drive, 7LM, EV 92.5 MPH)
Batting: RHB Bob Poor 0-0: Called Strike
0-1: Fly out, F7 (Flyball, 7LS, EV 91.9 MPH)
Batting: RHB Jonathan Baynham 0-0: Foul Ball, location: 5FF
0-1: Ball
1-1: Ball
2-1: Fly out, F9 (Flyball, 89M, EV 90.6 MPH)
Bottom of the 6th over - 0 runs, 0 hits, 0 errors, 0 left on base; Springfield 0 - Arkansas 0
TOP OF THE 7TH
Springfield Cardinals batting - Pitching for Arkansas Travelers : RHP Juan Sanchez
Pitching: RHP Dave Jackson
Batting: RHB Juan Pineda 0-0: Foul Ball, location: 2F
0-1: Foul Ball, location: 7LSF
0-2: Ball
1-2: SINGLE (Line Drive, 5D, EV 96.3 MPH)
Batting: RHB Pat Mancini 0-0: Ball
1-0: Foul Ball, location: 9LDF
1-1: Foul Ball, location: 3SF
1-2: Fly out, F9 (Flyball, 9, EV 85.6 MPH)
Pinch Hitting: RHB Carlos Canto 0-0: Ball
1-0: Ball
2-0: DOUBLE (Line Drive, 89D, EV 103.1 MPH)
Juan Pineda to third
Batting: RHB Jeff Hamill 0-0: Ball
1-0: Ground out 6-3 (Groundball, 6, EV 77.5 MPH)
Batting: RHB Michael Ray 0-0: Called Strike
0-1: Ball
1-1: Foul Ball, location: 9LDF
1-2: Ball
2-2: Foul Ball, location: 2F
2-2: Ground out 6-3 (Groundball, 6, EV 106.9 MPH)
Top of the 7th over - 0 runs, 2 hits, 0 errors, 2 left on base; Springfield 0 - Arkansas 0
BOTTOM OF THE 7TH
Arkansas Travelers batting - Pitching for Springfield Cardinals : LHP Ivan Espinosa
Now at 3B: Jeremy Hallum
Batting: RHB Chris Phillips 0-0: Ball
1-0: Ball
2-0: Swinging Strike
2-1: Ball
3-1: Ground out 5-3 (Groundball, 56S, EV 66.3 MPH)
Batting: RHB Vince McKnight 0-0: Called Strike
0-1: Called Strike
0-2: Strikes out swinging
Batting: SHB Rich Orellana 0-0: Ball
1-0: Called Strike
1-1: Foul Ball, location: 9LDF
1-2: Foul Ball, location: 2F
1-2: Ball
2-2: Strikes out swinging, 2-3 out at first.
Bottom of the 7th over - 0 runs, 0 hits, 0 errors, 0 left on base; Springfield 0 - Arkansas 0
TOP OF THE 8TH
Springfield Cardinals batting - Pitching for Arkansas Travelers : RHP Dave Jackson
Pitching: LHP Ryan Wright
Batting: RHB Ray Scott 0-0: Called Strike
0-1: Swinging Strike
0-2: Ball
1-2: Fly out, F9 (Flyball, 9LS, EV 88.8 MPH)
Pinch Hitting: RHB Josh Howard 0-0: Ball
1-0: Ball
2-0: Called Strike
2-1: Swinging Strike
2-2: Strikes out swinging
Batting: RHB Chris Sanches 0-0: Foul Ball, location: 2F
0-1: Swinging Strike
0-2: Ball
1-2: Ball
2-2: Strikes out looking
Top of the 8th over - 0 runs, 0 hits, 0 errors, 0 left on base; Springfield 0 - Arkansas 0
BOTTOM OF THE 8TH
Arkansas Travelers batting - Pitching for Springfield Cardinals : LHP Ivan Espinosa
Now in LF: Pat Mancini
Now in RF: Randy McCrady
Batting: RHB Jason Glennon 0-0: Foul Ball, location: 25F
0-1: Foul Ball, location: 9LMF
0-2: Ball
1-2: Ball
2-2: Foul Ball, location: 7LDF
2-2: Ball
3-2: Fly out, F4 (Popup, 4M, EV 63.8 MPH)
Batting: RHB Cody Murray 0-0: Ball
1-0: Ball
2-0: Ball
3-0: Called Strike
3-1: Base on Balls
Batting: LHB Matt Johansen 0-0: Ball
1-0: Ball
2-0: Ball
3-0: Base on Balls
Cody Murray to second
Batting: SHB Jonathan Paszek 0-0: Ball
1-0: Foul Ball, location: 2F
1-1: Ball
2-1: Ball
3-1: Foul Ball, location: 7LMF
3-2: DOUBLE (Flyball, 78D, EV 104.4 MPH)
Cody Murray scores
Matt Johansen to third
Runner from 3rd tries for Home, SAFE, throw by LF to home
Batting: RHB Bob Poor 0-0: Intentional Walk
Pitching: LHP Jeff Pritchard
Batting: RHB Jonathan Baynham 0-0: Called Strike
0-1: Swinging Strike
0-2: Strikes out swinging
Batting: RHB Chris Phillips 0-0: Called Strike
0-1: Called Strike
0-2: Strikes out swinging, 2-3 out at first.
Bottom of the 8th over - 2 runs, 1 hit, 0 errors, 2 left on base; Springfield 0 - Arkansas 2
TOP OF THE 9TH
Springfield Cardinals batting - Pitching for Arkansas Travelers : LHP Ryan Wright
Now at 1B: Matt Arney
Now in LF: Jonathan Baynham
Now in RF: Nate Voit
Batting: RHB Pedro Colon 0-0: Ball
1-0: Swinging Strike
1-1: Foul Ball, location: 25FF
1-2: Ball
2-2: Ball
3-2: Strikes out swinging
Batting: RHB Juan Pineda 0-0: Foul Ball, location: 3FF
0-1: Ball
1-1: Ball
2-1: Foul Ball, location: 25F
2-2: Strikes out swinging
Batting: RHB Pat Mancini 0-0: DOUBLE (Line Drive, 7LM, EV 98.1 MPH)
Pinch Hitting: RHB Gabriel Galindo 0-0: Fly out, F8 (Flyball, 89M, EV 75.0 MPH)
Top of the 9th over - 0 runs, 1 hit, 0 errors, 1 left on base; Springfield 0 - Arkansas 2
Saturday, May 4th , 2024 - OOTP Baseball 24.11 Build 85